 Dungeon Crawl Stone Soup version 0.30-a0-585-g93115170b9 (webtiles) character file.

Game seed: 13924143132054333299

3199 Newt the Cleaver (level 9, -3/62 HPs)
             Began as a Demonspawn Gladiator on Jan 1, 2023.
             Was a Follower of Hepliaklqana.
             Slain by a two-headed ogre
             ... wielding a +0 giant spiked club
              (7 damage)
             ... on level 9 of the Dungeon.
             The game lasted 00:06:52 (8014 turns).

Newt the Cleaver (Demonspawn Gladiator)             Turns: 8014, Time: 00:06:52

Health: -3/62      AC: 12    Str: 19    XL:     9   Next: 64%
Magic:  9/9        EV: 11    Int:  9    God:    Hepliaklqana [*.....]
Gold:   380        SH:  0    Dex: 15    Spells: 8/8 levels left

rFire   + . .      SeeInvis .    a - +1 executioner's axe
rCold   + + .      Faith    .    (shield currently unavailable)
rNeg    . . .      Spirit   .    A - +1 ring mail {rC+}
rPois   .          Reflect  .    c - +1 helmet
rElec   .          Harm     .    (no cloak)
rCorr   .          Rampage  .    (no gloves)
Will    .....                    (no boots)
Stlth   +                        (no amulet)
HPRegen 0.30/turn                q - ring of protection from fire
MPRegen 0.11/turn                (no ring)

@: lethally poisoned (-3 -> -8)
A: reduced essence, icy blue scales 2, foul stench 1, spiny 2, cold resistance
1, mutation resistance 1
a: Renounce Religion, Recall Ancestor, Ancestor Identity


You were on level 9 of the Dungeon.
You worshipped Hepliaklqana.
Hepliaklqana was aware of your devotion.
You visited 2 branches of the dungeon, and saw 10 of its levels.

You collected 380 gold pieces.

Inventory:

Hand Weapons
 a - a +1 executioner's axe (weapon)
 b - a +1 spectral club
 e - a +0 rapier
 l - a +0 dagger of venom
Missiles
 g - 5 boomerangs (quivered)
 j - 78 stones
 k - 14 poisoned darts
 u - 4 javelins
Armour
 c - a +1 helmet (worn)
 p - a +0 leather armour
 A - a +1 ring mail of cold resistance (worn)
 B - +0 steam dragon scales
Jewellery
 q - a ring of protection from fire (left hand)
 s - an amulet of faith
Wands
 y - a wand of mindburst (22)
Scrolls
 i - a scroll of fear
 v - 3 scrolls of vulnerability
 w - 8 scrolls of teleportation
 D - a scroll of fog
 E - 2 scrolls of identify
Potions
 f - a potion of ambrosia
 h - 2 potions of invisibility
 m - 4 potions of curing
 n - a potion of lignification
 o - 3 potions of degeneration
 r - a potion of brilliance
 t - 2 potions of mutation
 x - 2 potions of flight
 z - a potion of attraction {unknown}
 C - 2 potions of haste


   Skills:
 - Level 6.0 Fighting
 - Level 4.0 Short Blades
 + Level 8.8(9.0) Axes
 - Level 3.0(6.3) Maces & Flails
 - Level 1.7 Throwing
 - Level 4.0 Armour
 - Level 2.6 Dodging
 - Level 2.0 Stealth
 - Level 3.0 Evocations


You had 8 spell levels left.
You didn't know any spells.
Your spell library contained the following spells:

 Spells                   Type           Power      Damage    Failure   Level
 Magic Dart               Conj           0%         1d3       56%         1
 Cigotuvi's Dreadful Rot  Necr/Pois/Air  0%         N/A       71%         2
 Searing Ray              Conj           0%         2d4       71%         2
 Gell's Gravitas          Tloc           0%         N/A       90%         3
 Lesser Beckoning         Tloc           0%         N/A       90%         3
 Teleport Other           Tloc           0%         N/A       90%         3
 Tukima's Dance           Hex            0%         N/A       90%         3
 Dispel Undead            Necr           0%         3d6       100%        4
 Fulminant Prism          Conj/Hex       0%         3d5       100%        4
 Passage of Golubria      Tloc           0%         N/A       100%        4
 Yara's Violent Unravell  Hex/Tmut       0%         3d3       100%        5
 Death Channel            Necr           0%         N/A       100%        6
 Malign Gateway           Summ/Tloc      0%         N/A       100%        7
 Summon Horrible Things   Summ           0%         N/A       100%        8


Dungeon Overview and Level Annotations

Branches:
Dungeon (9/15)             Temple (1/1) D:7
   Lair: D:8-11         Orc: D:9-12

Altars:
Ashenzari
Cheibriados
Dithmenos
Fedhas
Gozag
Hepliaklqana
Kikubaaqudgha
Makhleb
Nemelex Xobeh
Qazlal
Ru
Sif Muna
Trog
Uskayaw
Vehumet
Wu Jian
Xom
Yredelemnul

Shops:
D:8 **


Innate Abilities, Weirdness & Mutations

Your life essence is reduced to manifest your ancestor. (-10% HP)
You are mostly covered in icy blue scales. (AC +3)
You may rarely emit foul miasma when damaged in melee.
You are mostly covered in sharp spines.
Your flesh is cold resistant. (rC+)
You are somewhat resistant to further mutation.


Message History

Unknown command.
(D) Dungeon (T) Temple
Where to? (Enter - D:9, ? - help)
There is a stone staircase leading down, spattered with blood here.
You climb downwards.
The killer bee stings you.
The killer bee is struck by your spines.
The killer bee barely misses you.
The two-headed ogre hits you with a +0 giant spiked club!!
Ouch! That really hurt!
The two-headed ogre hits you but does no damage.
The orc wizard mumbles some strange words.
The orc wizard flickers and vanishes!
Deactivating autopickup; reactivate with Ctrl-A.
The gnoll closely misses you.
The eight-headed hydra is struck by your spines.
The eight-headed hydra bites you!
The eight-headed hydra bites you but does no damage. x2
The eight-headed hydra closely misses you.
The eight-headed hydra bites you but does no damage.
The eight-headed hydra bites you. x2
* * * LOW HITPOINT WARNING * * *
The eight-headed hydra bites you but does no damage.
The killer bee is struck by your spines.
The killer bee stings you but does no damage.
There is a stone staircase leading up, spattered with blood here.
You can't go down here!
Unknown command.
The killer bee stings you but does no damage.
The gnoll hits you but does no damage.
You are poisoned.
The eight-headed hydra bites you!
* * * LOW HITPOINT WARNING * * *
The eight-headed hydra bites you but does no damage. x2
The eight-headed hydra barely misses you.
The eight-headed hydra bites you but does no damage. x2
The eight-headed hydra barely misses you.
The eight-headed hydra misses you.
The two-headed ogre completely misses you.
The two-headed ogre hits you with a +0 giant club!
You die...

##. ... ....
...# ##..# .
...#...
########....#..
.....gy@g....#
......ODR......
...........#...
#.....##.z..# .
...g.. .....#
...... ##..#..
#g... .#. .
#.!.. ....


You could see the friendly Decima the ancestor, an eight-headed hydra, a
two-headed ogre, a gnoll sergeant, a killer bee (ally target), a wight and 3
gnolls.

Vanquished Creatures
  2 hornets
  3 steam dragons
  A water moccasin (D:6)
  An ice beast (D:5)
  A black bear (D:6)
  A centaur (D:8)
  An ogre (D:5)
  A phantom (D:6)
  5 bullfrogs
  A kobold brigand (D:6)
  3 scorpions
  6 killer bees (D:7)
  4 howler monkeys
  2 hounds
  2 orc priests
  2 jellies
  An iguana (D:5)
  Jessica (D:3)
  Terence (D:3)
  2 orc wizards
  6 adders
  9 gnolls
  3 shadow imps
  A white imp (D:6)
  2 dart slugs
  13 orcs
  5 ball pythons
  3 endoplasms
  7 giant cockroaches
  5 goblins
  5 hobgoblins
  2 jackals (D:5)
  4 quokkas
  A bat (D:3)
  8 kobolds
  5 rats
120 creatures vanquished.

Vanquished Creatures (collateral kills)
  An ugly thing (D:8)
  An orc (D:8)
2 creatures vanquished.

Grand Total: 122 creatures vanquished

Notes
Turn   | Place    | Note
-------+----------+-------------------------------------------
     0 | D:1      | Newt the Demonspawn Gladiator began the quest for the Orb.
     0 | D:1      | Reached XP level 1. HP: 16/16 MP: 1/1
    67 | D:1      | Reached skill level 1 in Stealth
   180 | D:1      | Gained mutation: You are partially covered in sharp spines.
                  | [demonic ancestry]
   180 | D:1      | Reached XP level 2. HP: 21/22 MP: 2/2
  1146 | D:2      | Gained mutation: You are partially covered in icy blue
                  | scales. (AC +2) [demonic ancestry]
  1146 | D:2      | Reached XP level 3. HP: 20/28 MP: 3/3
  1614 | D:3      | Noticed Terence
  1614 | D:3      | Noticed Jessica
  1662 | D:3      | Killed Jessica
  1663 | D:3      | Gained mutation: You are mostly covered in sharp spines.
                  | [demonic ancestry]
  1663 | D:3      | Reached XP level 4. HP: 28/37 MP: 4/4
  1672 | D:3      | Killed Terence
  1977 | D:3      | Found a bloodstained altar of Trog.
  2366 | D:4      | Found a shimmering altar of Xom.
  2416 | D:4      | Gained mutation: You may rarely emit foul miasma when
                  | damaged in melee. [demonic ancestry]
  2416 | D:4      | Reached XP level 5. HP: 42/42 MP: 5/5
  2606 | D:4      | Found a sparkling altar of Nemelex Xobeh.
  3286 | D:5      | Entered Level 5 of the Dungeon
  3292 | D:5      | Reached skill level 1 in Maces & Flails
  3331 | D:5      | Gained mutation: You are mostly covered in icy blue scales.
                  | (AC +3) [demonic ancestry]
  3331 | D:5      | Reached XP level 6. HP: 37/48 MP: 6/6
  3637 | D:5      | Gained mutation: You occasionally shout uncontrollably at
                  | your foes. [potion of mutation]
  3637 | D:5      | Gained mutation: You have sharp toenails. [potion of
                  | mutation]
  3638 | D:5      | Lost mutation: You have sharp toenails. [potion of
                  | mutation]
  3638 | D:5      | Lost mutation: You occasionally shout uncontrollably at
                  | your foes. [potion of mutation]
  3638 | D:5      | Gained mutation: Your flesh is cold resistant. (rC+)
                  | [potion of mutation]
  3638 | D:5      | Gained mutation: You are somewhat resistant to further
                  | mutation. [potion of mutation]
  3658 | D:5      | Reached skill level 1 in Axes
  3761 | D:5      | Noticed an ice beast
  3769 | D:5      | Killed an ice beast
  3770 | D:5      | Reached skill level 2 in Axes
  4090 | D:5      | Reached skill level 3 in Axes
  4090 | D:5      | Reached XP level 7. HP: 34/54 MP: 7/7
  4942 | D:6      | Noticed a steam dragon
  4947 | D:6      | Killed a steam dragon
  4948 | D:6      | Reached skill level 4 in Axes
  4998 | D:6      | Found a blossoming altar of Fedhas.
  5006 | D:6      | Found a basalt altar of Yredelemnul.
  5171 | D:6      | Reached skill level 5 in Axes
  5320 | D:6      | Reached skill level 1 in Armour
  5320 | D:6      | Reached XP level 8. HP: 43/60 MP: 8/8
  5467 | D:6      | Reached skill level 1 in Evocations
  5695 | D:6      | Found a sacrificial altar of Ru.
  5986 | D:7      | Found a staircase to the Ecumenical Temple.
  5993 | Temple   | Entered the Ecumenical Temple
  6148 | Temple   | Became a worshipper of Hepliaklqana the Forgotten
  6465 | D:7      | Reached skill level 5 in Fighting
  6743 | D:7      | Reached skill level 6 in Axes
  6743 | D:7      | Reached XP level 9. HP: 61/69 MP: 9/9
  7232 | D:8      | Found Ylyco's General Store.
  7235 | D:8      | Reached skill level 7 in Axes
  7241 | D:8      | Found Patuplaj's Specific Store.
  7289 | D:8      | Reached * piety under Hepliaklqana
  7414 | D:8      | Paralysed by a hornet for 3 turns
  7417 | D:8      | Paralysed by a hornet for 3 turns
  7742 | D:9      | Noticed an eight-headed hydra
  7742 | D:9      | Noticed a red ugly thing
  7743 | D:9      | Noticed a two-headed ogre
  7744 | D:9      | Reached skill level 8 in Axes
  7754 | D:8      | Killed a red ugly thing
  8014 | D:9      | Slain by a two-headed ogre

Illustrated notes

Levels and vault maps discovered:
D:1:      evilmike_arrival_crescent, layout_basic
D:2:      layout_basic
D:3:      layout_rooms, bloody_trog, tso_altar, uniq_terence, uniq_jessica
D:4:      nicolae_cairo_tiling_large_dashed, layout_loops_corners,
          mainiacjoe_overflow_24_doors, mainiacjoe_overflow_catwalk,
          kennysheep_path_1
D:5:      layout_basic
D:6:      layout_basic, nicolae_ru_the_path_less_chosen,
          grunt_temple_overflow_open
D:7:      layout_basic, minmay_temple_entry_mini_moons,
          eino_small_chamber_without_monster
D:8:      layout_rooms, nicolae_specific_store, nrook_mini_backslash
D:9:      cheibrodos_fzero, layout_gridville, erik_lair_orcish_takeover,
          serial_shops, kennysheep_little_box, nicolae_lakefront_shop, shop,
          minmay_st_funbox
Temple:   hellmonk_temple_forest_ring

Skill      XL: |  1  2  3  4  5  6  7  8  9 |
---------------+----------------------------+-----
Stealth        | 1 2 |  2.0
Fighting       | 3 4 6 |  6.0
Short Blades   | 3 4 |  4.0
Maces & Flails | 2 3 |  3.0
Axes           | 3 5 6 8 |  8.8
Armour         | 1 4 |  4.0
Evocations     | 3 |  3.0
Throwing       | |  1.7
Dodging        | |  2.6

Action                   |  1- 3 |  4- 6 |  7- 9 || total
-------------------------+-------+-------+-------++-------
Melee: Rapier            |    50 |       |       ||    50
       Dagger            |    17 |    56 |       ||    73
       Punch             |       |     2 |       ||     2
       Executioner's axe |       |    15 |    97 ||   112
Throw: Throwing net      |     1 |     1 |     1 ||     3
       Dart              |       |     4 |       ||     4
       Javelin           |       |     1 |       ||     1
  Use: Scroll            |     3 |     8 |     5 ||    16
       Potion            |       |     5 |     1 ||     6
 Stab: Sleeping          |     4 |     4 |       ||     8
       Held in net/web   |       |     1 |     1 ||     2
Armor: Leather armour    |    15 |    13 |     3 ||    31
       Ring mail         |       |       |    82 ||    82
Dodge: Dodged            |    39 |    24 |    89 ||   152

Table legend: (Time is in decaauts)
 A = Elapsed time spent in this place.
 B = Non-inter-level travel time spent in this place.
 C = Inter-level travel time spent in this place.
 D = Time resting spent in this place.
 E = Time spent auto-exploring this place.
 F = Levels seen in this place.
 G = Mean time per level.
                   A        B        C        D        E       F      G
               +--------+--------+--------+--------+--------+-----+--------+
         Total |   8083 |   7866 |    217 |   2047 |   4961 |  10 |  808.3 |
       Dungeon |   7912 |   7722 |    190 |   2047 |   4828 |   9 |  879.1 |
        Temple |    170 |    143 |     27 |      0 |    133 |   1 |  170.0 |
               +--------+--------+--------+--------+--------+-----+--------+

Top non-repeatable levels by time:
     D:5: 1378 daAuts
     D:6: 1326 daAuts
     D:7: 1125 daAuts
     D:2: 975 daAuts
     D:4: 919 daAuts
     D:8: 792 daAuts
     D:3: 707 daAuts
     D:1: 681 daAuts
  Temple: 170 daAuts
     D:9: 6 daAuts
